 Dungeon Crawl Stone Soup version 0.31-a0-232-gb1c03b2570 (webtiles) character file.

Game seed: 15930254381210052026

31958 Shard1697 the Basher (level 13, -3/120 HPs)
             Began as an Armataur Fighter on July 7, 2023.
             Was the Champion of Okawaru.
             Slain by an orc knight
             ... wielding a +0 dire flail
              (34 damage)
             ... on level 12 of the Dungeon.
             The game lasted 00:20:30 (14561 turns).

Shard1697 the Basher (Armataur Fighter)            Turns: 14561, Time: 00:20:30

Health: -3/120     AC: 15    Str: 28    XL:     13   Next: 28%
Magic:  19/19      EV: 17    Int:  9    God:    Okawaru [******]
Gold:   809        SH: 13    Dex: 12    Spells: 12/12 levels left

rFire   . . .        a - +9 morningstar of the Last Princes {freeze, rN+ Str+4}
rCold   . . .        h - +2 kite shield
rNeg    + . .        N - +4 scale mail of Polytheism {Slay+4}
rPois   .            x - +2 helmet
rElec   .            (no cloak)
rCorr   .            (no gloves)
SInv    .            (no barding)
Will    .....        K - amulet of faith Stlth
                     c - +5 ring of evasion
HPRegen 0.40/turn    t - +5 ring of evasion
MPRegen 0.16/turn

%: roll, faith
@: no status effects
A: large, rugged brown scales 3, deformed body, armoured tail, roll, long
tongue, awkward tongue
a: Renounce Religion, Heroism, Finesse, Duel


You were on level 12 of the Dungeon.
You worshipped Okawaru.
Okawaru was exalted by your worship.
You visited 3 branches of the dungeon, and saw 15 of its levels.
You also visited: Sewer.

You collected 932 gold pieces.
You spent 123 gold pieces at shops.

Inventory:

Hand Weapons
 a - the +9 morningstar of the Last Princes (weapon) {freeze, rN+ Str+4}
   (You acquired it on level 3 of the Dungeon)

   Str:       It affects your strength (+4).
   rN:        It protects you from negative energy.
 b - a +1 broad axe of flaming
 L - a +5 eveningstar of freezing
Missiles
 y - 4 throwing nets
 B - 2 javelins
Armour
 h - a +2 kite shield (worn)
 s - a +2 tower shield
 x - a +2 helmet (worn)
 A - a +1 plate armour of cold resistance
 N - the +4 scale mail of Polytheism (worn) {Slay+4}
   (Okawaru gifted it to you on level 12 of the Dungeon)

   Slay:      It affects your accuracy & damage with ranged weapons and melee
   (+4).
 O - a +2 plate armour of willpower
Jewellery
 c - a +5 ring of evasion (left hand)
 t - a +5 ring of evasion (right hand)
 D - a ring of fire
 K - an amulet of faith (around neck)
Wands
 m - a wand of digging (5)
 p - a wand of flame (80)
 q - a wand of polymorph (14)
 v - a wand of quicksilver (9)
 F - a wand of paralysis (6)
Scrolls
 g - 5 scrolls of blinking
 l - a scroll of fear
 n - 5 scrolls of enchant weapon
 u - 4 scrolls of fog
 H - 2 scrolls of teleportation
 J - a scroll of poison
 M - a scroll of brand weapon
Potions
 d - 3 potions of might
 e - 10 potions of curing
 f - 2 potions of lignification
 i - 3 potions of enlightenment
 j - 2 potions of mutation
 o - a potion of invisibility
 w - a potion of attraction
 z - 2 potions of brilliance
 E - a potion of resistance
 G - 2 potions of haste
Miscellaneous
 k - a sack of spiders
 r - a phial of floods


   Skills:
 - Level 10.0 Fighting
 + Level 12.6 Maces & Flails
 + Level 9.1 Armour
 - Level 10.0 Shields
 - Level 8.0 Invocations
 + Level 7.6 Evocations


You had 12 spell levels left.
You didn't know any spells.
Your spell library contained the following spells:

 Spells                   Type           Power      Damage    Failure   Level
 Apportation              Tloc           0%         N/A       77%         1
 Kiss of Death            Conj/Necr      0%         2d5       77%         1
 Necrotise                Necr           0%         1d4       77%         1
 Sting                    Tmut/Pois      0%         1d3       77%         1
 Lesser Beckoning         Tloc           0%         N/A       88%         2
 Poisonous Vapours        Pois/Air       0%         N/A       88%         2
 Confusing Touch          Hex            0%         N/A       98%         3
 Dazzling Flash           Conj/Hex       0%         N/A       98%         3
 Gell's Gravitas          Tloc           0%         N/A       98%         3
 Teleport Other           Tloc           0%         N/A       98%         3
 Volatile Blastmotes      Fire/Tloc      0%         2d10      98%         3
 Dispel Undead            Necr           0%         3d6       100%        4
 Iskenderun's Mystic Bla  Conj/Tloc      0%         2d3       100%        4
 Olgreb's Toxic Radiance  Pois           0%         N/A       100%        4
 Starburst                Conj/Fire      0%         6d3       100%        6
 Summon Small Mammal      Summ           Unusable   N/A       N/A         1

Dungeon Overview and Level Annotations

Branches:
Dungeon (13/15)            Temple (1/1) D:4            Lair (0/5) D:10
    Orc (1/2) D:12          Sewer (visited)
 Vaults: D:13-14

Altars:
Ashenzari
Cheibriados
Dithmenos
Elyvilon
Fedhas
Gozag
Hepliaklqana
Kikubaaqudgha
Makhleb
Nemelex Xobeh
Okawaru
Qazlal
Ru
Sif Muna
Trog
Uskayaw
Vehumet
Wu Jian
Xom
Yredelemnul
Zin
The Shining One

Shops:
D:2 ?   D:10 *

Annotations:
D:5 1 runed translucent door, abessonov's ghost, novice DsNe


Innate Abilities, Weirdness & Mutations

You are completely covered in rugged brown scales. (AC +3, +7% HP)
Armour fits poorly on your strangely shaped body.
You have a long armoured tail.
You roll when moving toward enemies. (Rampage)
Your long tongue fully drains potion bottles. (2x potion effects)
Your tongue gives you trouble enunciating. (1.5x scroll delay)


Message History

The orc knight is heavily wounded.
You block the orc knight's attack. The orc priest misses you.
You barely miss the orc knight.
Your tail-slap misses the orc knight.
The orc knight is heavily wounded.
The orc knight hits you with a +0 dire flail!!
The orc priest miscasts a cantrip.
You sock the orc knight! You freeze the orc knight.
The orc knight is severely wounded.
The orc knight hits you with a +0 dire flail!
The orc priest calls down the wrath of Beogh upon you.
Beogh smites you!
You are too injured to fight recklessly!
You are too injured to fight recklessly!
You are too injured to fight recklessly!
You are too injured to fight recklessly!
You are too injured to fight recklessly!
You are too injured to fight recklessly!
You are too injured to fight recklessly!
You are too injured to fight recklessly!
You are too injured to fight recklessly!
You are too injured to fight recklessly!
You are too injured to fight recklessly!
You are too injured to fight recklessly!
You are too injured to fight recklessly!
You are too injured to fight recklessly!
You closely miss the orc knight.
The orc knight is severely wounded.
The orc knight hits you with a +0 dire flail!
The orc priest hits you with a +0 club!
You hit the orc knight but do no damage.
The orc knight is severely wounded.
You impale the orc priest!! You freeze the orc priest!
You kill the orc priest!
Okawaru accepts your kill.
The orc knight hits you with a +0 dire flail!
* * * LOW HITPOINT WARNING * * *
You barely miss the orc knight. You tail-slap the orc knight.
The orc knight is almost dead.
The orc knight hits you with a +0 dire flail!!
You die...

##.#.......#...##.######.#.##
#........#.##.###.# ##.###.#
#........#.##.###.# #.## ##.
#.......##..<.[...# ##.###.#
#.......##.##'##### ##.#..#
#.......##.#...## ##.#.#
#.......##......## #####.#
#..........)[o...## ##.###.#
#....#.#...)@[....####...##.#
#...........$)....'..........
#.................####...#...
#........#.......## ##.#....
####.######.....## ##......
#.# ##[).## #......# #.#
##[## ###...#### #<# #)#
###...###... #)#
#.####...###.)###


You could see an orc knight (strong).

Vanquished Creatures
  An orc warlord (D:12)
  An ogre mage (D:12)
  A hydra (D:12)
  3 centaur warriors
  Erica (D:10)
  3 boulder beetles
  4 two-headed ogres
  A tengu warrior (D:12)
  2 orc high priests (D:12)
  Sonja (D:11)
  Pikel (D:4)
  2 deep elf pyromancers (D:12)
  4 orc knights (D:12)
  4 ugly things (D:12)
  4 cyclopes
  A black mamba (shapeshifter) (D:11)
  A gargoyle (D:12)
  Maggie (D:6)
  A freezing wraith (D:12)
  An unseen horror (D:11)
  A kobold demonologist (D:11)
  4 komodo dragons
  An efreet (D:12)
  A tengu conjurer (D:12)
  4 hornets
  6 trolls
  Grinder (D:5)
  A slime creature (D:11)
  2 shadows
  Eustachio (D:4)
  5 basilisks
  2 wraiths
  2 wyverns
  9 vampire mosquitoes
  11 yaks
  4 wargs (D:12)
  Edmund (D:6)
  2 acid dragons (D:12)
  Duvessa (D:6)
  A water moccasin (D:7)
  A swamp drake (D:10)
  A black bear (D:6)
  14 orc warriors
  4 ogres
  A tengu (shapeshifter) (D:12)
  4 centaurs
  A phantom (D:5)
  A lemure (D:4)
  2 kobold brigands
  4 bullfrogs
  6 wights (D:8)
  Dowan (D:6)
  5 killer bees
  2 hounds (D:6)
  A gnoll bouda (D:6)
  6 orc priests
  2 jellies
  4 iguanas
  Jessica (D:3)
  7 orc wizards
  A mummy (D:3)
  8 gnolls (D:6)
  2 river rats (D:3)
  12 adders
  2 white imps
  An ufetubus (D:6)
  A worm (D:3)
  A dart slug (D:1)
  51 orcs
  3 bats
  A bat zombie (D:10)
  18 endoplasms
  13 giant cockroaches
  5 goblins
  3 hobgoblins
  8 jackals
  17 kobolds
  12 quokkas
  13 ball pythons
  11 frilled lizards
  11 rats
  A rat zombie (D:10)
361 creatures vanquished.

Notes
Turn   | Place    | Note
-------+----------+-------------------------------------------
     0 | D:1      | Shard1697 the Armataur Fighter began the quest for the Orb.
     0 | D:1      | Reached XP level 1. HP: 19/19 MP: 1/1
    46 | D:1      | Reached skill level 2 in Maces & Flails
   216 | D:1      | Reached XP level 2. HP: 19/26 MP: 2/2
   406 | D:1      | Reached skill level 3 in Maces & Flails
   614 | D:1      | Reached XP level 3. HP: 32/32 MP: 3/3
   991 | D:2      | Reached skill level 4 in Maces & Flails
   991 | D:2      | Reached XP level 4. HP: 23/39 MP: 4/4
  1077 | D:2      | Found a shadowy altar of Dithmenos.
  1492 | D:2      | Found Roismehy's Magic Scroll Boutique.
  1501 | D:2      | Bought a scroll of enchant weapon for 97 gold pieces
  1501 | D:2      | Bought a scroll of identify for 26 gold pieces
  1788 | D:3      | Identified a scroll of acquirement
  1788 | D:3      | Acquired the +9 morningstar of the Last Princes {freeze,
                  | rN+ Str+4}
  1872 | D:3      | Noticed Jessica
  1894 | D:3      | Killed Jessica
  1895 | D:3      | Reached XP level 5. HP: 37/47 MP: 5/5
  1931 | D:3      | Found a snail-covered altar of Cheibriados.
  2100 | D:3      | Found a glowing drain.
  2104 | Sewer    | Entered a sewer
  2322 | Sewer    | Reached skill level 5 in Maces & Flails
  2322 | Sewer    | Reached XP level 6. HP: 47/54 MP: 6/6
  2755 | D:4      | Found a staircase to the Ecumenical Temple.
  2761 | Temple   | Entered the Ecumenical Temple
  2822 | Temple   | Became a worshipper of Warmaster Okawaru
  3257 | D:4      | Noticed a hornet
  3268 | D:4      | Paralysed by a hornet for 2 turns
  3272 | D:4      | Paralysed by a hornet for 2 turns
  3278 | D:4      | Killed a hornet
  3278 | D:4      | Reached * piety under Okawaru
  3279 | D:4      | Reached skill level 5 in Shields
  3279 | D:4      | Reached skill level 1 in Invocations
  3279 | D:4      | Reached XP level 7. HP: 32/63 MP: 7/7
  3385 | D:4      | Noticed Pikel
  3406 | D:4      | Killed Pikel
  3406 | D:4      | Reached ** piety under Okawaru
  3407 | D:4      | Reached skill level 5 in Fighting
  3407 | D:4      | Reached skill level 6 in Maces & Flails
  3407 | D:4      | Reached XP level 8. HP: 68/72 MP: 7/9
  3676 | D:4      | Noticed Eustachio
  3686 | D:4      | Killed Eustachio
  3863 | D:4      | Found a stormy altar of Qazlal.
  4103 | D:5      | Entered Level 5 of the Dungeon
  4122 | D:5      | Found a sparkling altar of Nemelex Xobeh.
  4210 | D:5      | Found a runed translucent door.
  4214 | D:5      | Noticed abessonov's ghost (novice DsNe)
  4325 | D:5      | Noticed Grinder
  4330 | D:5      | Killed Grinder
  4534 | D:5      | Found a hide-covered altar of Uskayaw.
  4549 | D:5      | Reached *** piety under Okawaru
  4874 | D:6      | Noticed Dowan
  4876 | D:6      | Noticed Duvessa
  4886 | D:6      | Killed Dowan
  4888 | D:6      | Killed Duvessa
  4889 | D:6      | Reached skill level 7 in Maces & Flails
  4957 | D:6      | Reached XP level 9. HP: 79/80 MP: 11/11
  5033 | D:6      | Noticed Edmund
  5039 | D:6      | Killed Edmund
  5083 | D:6      | Found a sacrificial altar of Ru.
  5087 | D:6      | Found a burning altar of Makhleb.
  5265 | D:6      | Noticed Maggie
  5411 | D:6      | Killed Maggie
  5411 | D:6      | Reached **** piety under Okawaru
  5835 | D:7      | Reached skill level 8 in Maces & Flails
  7236 | D:8      | Found a glowing golden altar of the Shining One.
  7240 | D:8      | Found a basalt altar of Yredelemnul.
  7243 | D:8      | Noticed a profane servitor
  7249 | D:8      | Noticed a centaur warrior
  7254 | D:8      | Killed a centaur warrior
  7254 | D:8      | Reached ***** piety under Okawaru
  7255 | D:8      | Reached XP level 10. HP: 68/94 MP: 13/13
  7528 | D:8      | Reached skill level 5 in Invocations
  7790 | D:8      | Noticed an angel
  8215 | D:9      | Received a gift from Okawaru
  8216 | D:9      | Reached skill level 9 in Maces & Flails
  8530 | D:9      | Identified the +0 great mace of the Screaming Saviour
                  | {heavy, Str+2} (Okawaru gifted it to you on level 9 of the
                  | Dungeon)
  8530 | D:9      | Received a gift from Okawaru
  8575 | D:9      | Noticed a two-headed ogre
  8578 | D:9      | Killed a two-headed ogre
  8923 | D:10     | Entered Level 10 of the Dungeon
  9176 | D:10     | Reached XP level 11. HP: 101/103 MP: 15/15
  9351 | D:10     | Found a staircase to the Lair.
  9475 | D:10     | Found an ancient bone altar of Kikubaaqudgha.
  9533 | D:10     | Found Gozag's Platinum Reserve.
  9539 | D:10     | Found an opulent altar of Gozag.
  9560 | D:10     | Noticed Erica
  9571 | D:10     | Killed Erica
  9571 | D:10     | Received a gift from Okawaru
  9572 | D:10     | Reached skill level 10 in Maces & Flails
  9667 | D:10     | Found a blossoming altar of Fedhas.
  9673 | D:10     | Noticed a two-headed ogre
  9680 | D:10     | Killed a two-headed ogre
  9685 | D:10     | Found a hazy altar of Hepliaklqana.
  9692 | D:10     | Reached ****** piety under Okawaru
 10027 | D:11     | Noticed Sonja
 10032 | D:11     | Killed Sonja
 10032 | D:11     | Received a gift from Okawaru
 10508 | D:11     | Reached skill level 10 in Fighting
 10696 | D:11     | Noticed a boulder beetle
 10698 | D:11     | Found a large runed translucent door.
 10706 | D:11     | Killed a boulder beetle
 10706 | D:11     | Received a gift from Okawaru
 10707 | D:11     | Reached skill level 1 in Evocations
 10707 | D:11     | Found a large runed translucent door.
 10778 | D:11     | Found a large runed translucent door.
 10778 | D:11     | Found a large runed translucent door.
 10780 | D:11     | You fall into a shaft and drop 2 floors!
 10791 | D:13     | Noticed a centaur warrior
 10906 | D:12     | Killed a centaur warrior
 11077 | D:12     | Noticed a red ugly thing
 11086 | D:12     | Killed a red ugly thing
 11088 | D:12     | Noticed a tengu warrior
 11098 | D:12     | Killed a tengu warrior
 11098 | D:12     | Identified the +4 scale mail of Polytheism {Slay+4}
                  | (Okawaru gifted it to you on level 12 of the Dungeon)
 11098 | D:12     | Received a gift from Okawaru
 11099 | D:12     | Reached skill level 11 in Maces & Flails
 11161 | D:12     | Reached skill level 10 in Shields
 11177 | D:12     | Reached XP level 12. HP: 63/113 MP: 17/17
 11253 | D:12     | Noticed a centaur warrior
 11260 | D:12     | Killed a centaur warrior
 11788 | D:11     | Noticed a boulder beetle
 11798 | D:11     | Killed a boulder beetle
 11799 | D:11     | Reached skill level 5 in Armour
 11961 | D:11     | Noticed a two-headed ogre
 11967 | D:11     | Killed a two-headed ogre
 12081 | D:12     | Found a staircase to the Orcish Mines.
 12608 | D:12     | Reached skill level 5 in Evocations
 12667 | D:12     | Found a runed translucent door.
 12668 | D:12     | Found a runed translucent door.
 12682 | D:12     | Paralysed by a hornet for 2 turns
 12839 | D:12     | Noticed a seven-headed hydra
 12855 | D:12     | Killed a seven-headed hydra
 13074 | D:12     | Noticed an ogre mage
 13074 | D:12     | Noticed a boulder beetle
 13078 | D:12     | Identified the +6 great sword "Runakkuepla" {heavy, rElec}
 13082 | D:12     | Killed an ogre mage
 13082 | D:12     | Received a gift from Okawaru
 13083 | D:12     | Reached skill level 12 in Maces & Flails
 13110 | D:12     | Killed a boulder beetle
 13392 | Orc:1    | Entered Level 1 of the Orcish Mines
 13392 | Orc:1    | Noticed a two-headed ogre
 13392 | Orc:1    | Noticed an orc warlord
 13603 | D:12     | Killed an orc warlord
 13604 | D:12     | Reached XP level 13. HP: 63/120 MP: 16/19
 13943 | D:12     | Identified the +1 barding of the Mantidfly {rPois rC- rCorr
                  | Stlth+} (Okawaru gifted it to you on level 12 of the
                  | Dungeon)
 13943 | D:12     | Received a gift from Okawaru
 14561 | D:12     | Slain by an orc knight

Illustrated notes

Levels and vault maps discovered:
D:1:      denvon_arrival_waterhouse, layout_basic, serial_forest,
          infiniplex_forest_corner_1, infiniplex_forest_clump_small,
          infiniplex_forest_clump_long, infiniplex_forest_lined_4_way,
          infiniplex_forest_lined_2, infiniplex_forest_clump_small
D:2:      layout_basic, serial_shops, shop, basic_altar,
          kennysheep_generic_room_11
D:3:      layout_loops_ring, slow_altar_2, gup_sewer_entry_spiral, uniq_jessica
D:4:      nicolae_cairo_tiling_large, layout_layer_cave, kennysheep_little_box,
          minmay_temple_entry_hall, uniq_eustachio, uniq_pikel
D:5:      layout_basic, mainiacjoe_overflow_24_doors, kennysheep_mini,
          hellmonk_ghost_happy_afterlife, feat_on_display, uniq_grinder
D:6:      layout_cave_pools, minitemple, uniq_duvessa, uniq_maggie, uniq_edmund
D:7:      layout_loops_corners, grunt_ministairs_4, nicolae_hexahallways
D:8:      layout_loops_cross, grunt_temple_overflow_holy_war
D:9:      layout_basic, serial_curves, eino_curves_02, eino_curves_02,
          minmay_misc_feat_iff
D:10:     layout_roguey, lemuel_zombie_altar_kikubaaqudgha,
          mainiacjoe_overflow_large_starburst, nicolae_gozag_zags_fifth_avenue,
          erik_lair_dragon, uniq_erica
D:11:     layout_basic, minmay_hollow_rounded_squares, uniq_sonja
D:12:     minmay_the_grid_triangle_9x9_rhombus_full
          [minmay_the_grid_triangle_9x9_alien,
          minmay_the_grid_triangle_9x9_warning,
          minmay_the_grid_triangle_9x9_longest,
          minmay_the_grid_triangle_9x9_flanged_cone,
          minmay_the_grid_triangle_9x9_tough_junction,
          minmay_the_grid_triangle_9x9_corruption,
          minmay_the_grid_triangle_9x9_swiss_cheese,
          minmay_the_grid_triangle_9x9_prize_center], layout_loops_corners
D:13:     layout_rooms, drop_trap, beargit_hepliaklqana_dungeon_heroes
Temple:   cyrus_temple_forest
Orc:1:    layout_caves, basic_altar, guppyfry_orc_lava_fort

Skill      XL: |  1  2  3  4  5  6  7  8  9 10 11 12 13 |
---------------+----------------------------------------+-----
Maces & Flails | 2 3 4 5 6 7 8 9 11 12 | 12.6
Fighting       | 3 4 5 6 7 9 10 | 10.0
Shields        | 4 5 6 7 8 10 | 10.0
Invocations    | 1 2 3 4 6 7 8 |  8.0
Evocations     | 3 6 7 |  7.6
Armour         | 8 9 |  9.1

Action                     |  1- 3 |  4- 6 |  7- 9 | 10-12 | 13-15 || total
---------------------------+-------+-------+-------+-------+-------++-------
  Melee: Flail             |    96 |    28 |       |       |       ||   124
         Tailslap          |    11 |    10 |    26 |    51 |    12 ||   110
         Morningstar       |       |   123 |   184 |   366 |    95 ||   768
         Broad axe         |       |       |     5 |       |       ||     5
 Invoke: Heroism           |       |       |       |     1 |     3 ||     4
  Evoke: Wand              |       |     1 |       |     5 |       ||     6
         Phial of floods   |       |       |       |     1 |       ||     1
    Use: Scroll            |       |     5 |     6 |     9 |       ||    20
         Potion            |       |     4 |       |     4 |       ||     8
   Stab: Paralysed         |       |       |       |     2 |       ||     2
 Armour: Scale mail        |    40 |    35 |    14 |    35 |    40 ||   164
         Plate armour      |       |       |    49 |    49 |       ||    98
  Dodge: Dodged            |    30 |    56 |   142 |   173 |   119 ||   520
  Block: Buckler           |    23 |     7 |       |       |       ||    30
         Kite shield       |       |    72 |   127 |   206 |    97 ||   502

Table legend: (Time is in decaauts)
 A = Elapsed time spent in this place.
 B = Non-inter-level travel time spent in this place.
 C = Inter-level travel time spent in this place.
 D = Time resting spent in this place.
 E = Time spent auto-exploring this place.
 F = Levels seen in this place.
 G = Mean time per level.
                   A        B        C        D        E       F      G
               +--------+--------+--------+--------+--------+-----+--------+
         Total |  14728 |  14285 |    443 |   2177 |   9299 |  16 |  920.5 |
       Dungeon |  14321 |  13899 |    422 |   2159 |   9263 |  13 | 1101.6 |
        Temple |     83 |     62 |     21 |      0 |      0 |   1 |   83.0 |
  Orcish Mines |     45 |     45 |      0 |      0 |      0 |   1 |   45.0 |
         Sewer |    278 |    278 |      0 |     18 |     36 |   1 |  278.0 |
               +--------+--------+--------+--------+--------+-----+--------+

Top non-repeatable levels by time:
    D:12: 3131 daAuts
    D:11: 1354 daAuts
     D:4: 1313 daAuts
     D:7: 1197 daAuts
     D:9: 1120 daAuts
    D:10: 1105 daAuts
     D:2: 983 daAuts
     D:5: 900 daAuts
     D:6: 842 daAuts
     D:1: 837 daAuts
     D:8: 813 daAuts
     D:3: 701 daAuts
   Sewer: 278 daAuts
  Temple: 83 daAuts
   Orc:1: 45 daAuts
